 Dungeon Crawl Stone Soup version 0.21-a0-184-g9126a74 (webtiles) character file.

76 Goblin1989 the Skirmisher (level 4, -5/35 HPs)
             Began as a Demonspawn Monk on Aug 11, 2017.
             Slain by a gnoll
             ... wielding a +0 club
              (6 damage)
             ... on level 2 of the Dungeon.
             The game lasted 00:04:21 (1692 turns).

Goblin1989 the Skirmisher (Demonspawn Monk)         Turns: 1692, Time: 00:04:22

Health: -5/35      AC: 10    Str: 12    XL:     4   Next: 12%
Magic:  4/4        EV: 10    Int: 12    God:
Gold:   104        SH:  0    Dex: 15    Spells: 3/3 levels left

rFire    . . .     SeeInvis .   a - +0 mace
rCold    . . .     Gourm    .   (no shield)
rNeg     . . .     Faith    .   k - +0 scale mail
rPois    .         Spirit   .   W - +2 hat
rElec    .         Reflect  .   (no cloak)
rCorr    .         Harm     .   (no gloves)
MR       .....                  (no boots)
Stlth    +.........             (no amulet)
HPRegen  0.11/turn              (no ring)
MPRegen  0.09/turn              (no ring)

@: no status effects
A: claws 1, iridescent scales 1
a: no special abilities


You were on level 2 of the Dungeon.
You were hungry.

You visited 1 branch of the dungeon, and saw 2 of its levels.

You collected 104 gold pieces.

Inventory:

Hand Weapons
 a - a +0 mace (weapon)
Missiles
 f - 32 bolts
 q - 41 stones (quivered)
Armour
 k - a +0 scale mail (worn)
 W - a +2 hat (worn)
Scrolls
 T - 2 scrolls of teleportation {!r, @r3}
Potions
 h - a potion of flight
 p - a potion of curing {unknown}
 r - a potion of brilliance {unknown}
 Y - a potion of mutation {unknown}
Comestibles
 e - a bread ration {@e1}
 j - 2 meat rations {@e2}
 X - a royal jelly


   Skills:
 + Level 3.4 Fighting
 - Level 3.1 Maces & Flails
 + Level 1.3 Armour
 - Level 2.6 Dodging
 - Level 1.7 Stealth
 * Level 2.0 Unarmed Combat


You had 3 spell levels left.
You didn't know any spells.

Dungeon Overview and Level Annotations

Branches:
Dungeon (2/15)

Altars:


Innate Abilities, Weirdness & Mutations

You have sharp fingernails.
You are partially covered in iridescent scales. (AC +2)


Message History

You hit the adder.
The adder is severely wounded.
You feel sick. The adder bites you but does no damage.
You take 1 damage, and have 18/29 hp.
You completely miss the adder.
The adder is severely wounded.
The adder bites you but does no damage. The adder closely misses you.
You hit the adder.
You kill the adder!
You feel sick. The bat hits you but does no damage. x2
You take 1 damage, and have 17/29 hp.
You hit the bat.
You kill the bat!
You feel sick.
You take 1 damage, and have 16/29 hp.
You hit the gnoll but do no damage. The gnoll barely misses you.
You hit the gnoll.
The gnoll is moderately wounded.
You feel sick. The gnoll misses you.
You take 1 damage, and have 15/29 hp.
You barely miss the gnoll.
The gnoll is moderately wounded.
The gnoll hits you but does no damage.
You hit the gnoll.
The gnoll is severely wounded.
The gnoll closely misses you. x2
You hit the gnoll but do no damage.
The gnoll is severely wounded.
You feel sick. The gnoll misses you.
You hit the gnoll.
You kill the gnoll!
Your Unarmed Combat skill increases to level 2!
You have reached level 4!
You feel clever. The quokka misses you.
You regained 3 hp, and now have 18/35 hp.
MP restored: 4 Unknown command.
You closely miss the quokka. The quokka barely misses you.
You hit the quokka but do no damage.
You feel sick. The quokka barely misses you. The quokka misses you.
You take 1 damage, and have 17/35 hp.
You miss the quokka.
The quokka bites you but does no damage.
You hit the quokka.
The quokka is almost dead.
The quokka bites you.
* * * LOW HITPOINT WARNING * * *
The quokka bites you but does no damage.
You take 2 damage, and have 15/35 hp.
You completely miss the quokka.
The quokka is almost dead.
The quokka barely misses you.
You hit the quokka.
You kill the quokka!
You feel sick. The kobold hits you but does no damage.
You closely miss the kobold. The kobold closely misses you.
You hit the kobold.
You kill the kobold!
You hit the jackal.
The jackal is moderately wounded.
You feel sick.
You are no longer poisoned.
The jackal closely misses you. The jackal barely misses you.
You take 1 damage, and have 14/35 hp.
You hit the jackal.
The jackal is almost dead.
The jackal bites you but does no damage. x2
You miss the jackal.
The jackal is severely wounded.
The jackal bites you but does no damage.
You closely miss the jackal.
The jackal is severely wounded.
The jackal closely misses you. The jackal bites you.
* * * LOW HITPOINT WARNING * * *
You take 2 damage, and have 12/35 hp.
You hit the jackal.
You kill the jackal!
The gnoll throws a stone.
The stone hits you but does no damage. The gnoll hits you but does no damage.
Items here: $ ( )) ? ††† Your scale mail prevents you from hitting the gnoll.
The gnoll hits you but does no damage.
You closely miss the gnoll. The gnoll hits you with a club.
* * * LOW HITPOINT WARNING * * *
You take 4 damage, and have 9/35 hp.
You hit the gnoll.
The gnoll is moderately wounded.
The gnoll hits you but does no damage. The gnoll hits you with a club!
* * * LOW HITPOINT WARNING * * *
You take 7 damage, and have 2/35 hp.
You hit the gnoll.
The gnoll is severely wounded.
The gnoll hits you with a club.
* * * LOW HITPOINT WARNING * * *
You take 1 damage, and have 1/35 hp.
You hit the gnoll but do no damage.
The gnoll is severely wounded.
The gnoll hits you with a club.
You die... ███████ .....█ ....█ ███ .... ..█ ..█ █.█ █.█ █.█ █(█ █.█ █@█ █.█ ...███ ██████ █g█

█.█ .....█ █..... █.█ █.█
.....███.....███.█.█.█.█
.).......K...b(.....>█.█
.....█.......r██.█.███.███
.....█........██.█.g..<..█
█...█.......r██.█.████.██
█..r.███████(██.█ █)█


You could see a gnoll.

Vanquished Creatures
  2 gnolls (D:2)
  2 adders (D:2)
  A worm (D:2)
  A dart slug (D:1)
  3 leopard geckos
  A giant cockroach (D:2)
  3 goblins
  A hobgoblin (D:1)
  3 jackals (D:2)
  A quokka (D:2)
  2 bats
  3 frilled lizards
  4 kobolds
  8 rats
35 creatures vanquished.

Notes
Turn   | Place    | Note
-------+----------+-------------------------------------------
     0 | D:1      | Goblin1989 the Demonspawn Monk began the quest for the Orb.
     0 | D:1      | Reached XP level 1. HP: 18/18 MP: 1/1
   611 | D:1      | Gained mutation: You have sharp fingernails. [demonic ancestry]
   611 | D:1      | Reached XP level 2. HP: 22/24 MP: 2/2
  1272 | D:2      | Reached skill level 1 in Unarmed Combat
  1272 | D:2      | Gained mutation: You are partially covered in iridescent scales. (AC +2) [demonic ancestry]
  1272 | D:2      | Reached XP level 3. HP: 24/29 MP: 3/3
  1462 | D:2      | Reached skill level 1 in Armour
  1673 | D:2      | Reached XP level 4. HP: 18/35 MP: 4/4
  1691 | D:2      | HP: 1/35 [gnoll/club (1)]
  1692 | D:2      | Slain by a gnoll

Vault maps used:
D:1:      saegor_arrival_miasma

Skill      XL: |  1  2  3 |
---------------+----------+-----
Maces & Flails | 3 |  3.1
Unarmed Combat | 1 2 |  2.0
Armour         | 1 |  1.3
Fighting       | |  3.4
Dodging        | |  2.6
Stealth        | |  1.7

Action                   |  1- 3 |  4- 6 || total
-------------------------+-------+-------++-------
Melee: Mace              |   131 |    18 ||   149
  Use: Scroll            |     6 |       ||     6
       Potion            |     1 |       ||     1
 Stab: Sleeping          |     2 |       ||     2
  Eat: Chunk             |     2 |       ||     2
Armor: Scale mail        |    70 |     9 ||    79
       Robe              |     3 |       ||     3
Dodge: Dodged            |   107 |     9 ||   116

Vault maps used:
D:1:      saegor_arrival_miasma
